TOP OF THE 1ST |
Erie Jaxx batting - Pitching for Cincinnati Pride : RHP Jesús Martínez
|
Pitching: RHP Jesús Martínez
|
|
Batting: RHB José Estrada
|
0-0: Called Strike 0-1: Called Strike 0-2: Strikes out swinging
|
Batting: LHB Don Hull
|
0-0: Ball 1-0: Called Strike 1-1: Ball 2-1: Ball 3-1: Base on Balls
|
Batting: SHB Keith Shaffer
|
0-0: Called Strike 0-1: Ball 1-1: Ball 2-1: Ball 3-1: Base on Balls Don Hull to second
|
Batting: SHB Pedro Martínez
|
0-0: Swinging Strike 0-1: Ball Passed Ball! Don Hull to third Keith Shaffer to second 1-1: Swinging Strike Passed Ball! Don Hull scores Keith Shaffer to third 1-2: SINGLE (Line Drive, 6) Keith Shaffer scores
|
Batting: RHB Tim Hanson
|
0-0: Ball 1-0: Ball 2-0: Ball 3-0: SINGLE (Popup, 6MD) Pedro Martínez to second
|
Batting: SHB Héctor Barajas
|
0-0: Ball 1-0: Ball 2-0: Ball 3-0: Called Strike 3-1: Base on Balls Pedro Martínez to third Tim Hanson to second
|
Batting: RHB Luis Alou
|
0-0: Foul Ball, location: 2F 0-1: Fly out, F3 (Popup, 34D)
|
Batting: RHB Bo Vickers
|
0-0: SINGLE (Line Drive, 56D) Pedro Martínez scores Tim Hanson to third Héctor Barajas to second
|
Batting: RHB Raúl Ruíz
|
0-0: Ball 1-0: DOUBLE (Line Drive, 7LM) Tim Hanson scores Héctor Barajas scores Bo Vickers to third Runner from 3rd tries for Home, SAFE, no throw or cutoff
|
Batting: RHB José Estrada
|
0-0: Called Strike 0-1: Foul Ball, location: 2F 0-2: Ground out 5-3 (Groundball, 5S)
|
Top of the 1st over - 6 run(s), 4 hit(s), 0 error(s), 1 left on base; Erie 6 - Cincinnati 0 |
BOTTOM OF THE 1ST |
Cincinnati Pride batting - Pitching for Erie Jaxx : RHP Ricardo Marino
|
Pitching: RHP Ricardo Marino
|
|
Batting: SHB Nick Marshall
|
0-0: Ball 1-0: Called Strike 1-1: Ball 2-1: Called Strike 2-2: Foul Ball, location: 2F 2-2: Fly out, F9 (Flyball, 89S)
|
Batting: LHB Ricardo Brandariz
|
0-0: Foul Ball, location: 2F 0-1: Ball 1-1: Foul Ball, location: 2F 1-2: Strikes out swinging
|
Batting: RHB Fernando Díaz
|
0-0: SINGLE (Line Drive, 4MD)
|
Batting: RHB Richard Case
|
0-0: Called Strike 0-1: Swinging Strike 0-2: Ball 1-2: Ball 2-2: Ball 3-2: Foul Ball, location: 2F 3-2: Strikes out swinging
|
Bottom of the 1st over - 0 run(s), 1 hit(s), 0 error(s), 1 left on base; Erie 6 - Cincinnati 0 |
TOP OF THE 2ND |
Erie Jaxx batting - Pitching for Cincinnati Pride : RHP Jesús Martínez
|
Batting: LHB Don Hull
|
0-0: Called Strike 0-1: Called Strike 0-2: Foul Ball, location: 2F 0-2: Foul Ball, location: 2F 0-2: Ball 1-2: Foul Ball, location: 2F 1-2: Foul Ball, location: 2F 1-2: Ball 2-2: Fly out, F9 (Flyball, 9M)
|
Batting: SHB Keith Shaffer
|
0-0: Ball 1-0: Ball 2-0: Ball 3-0: Called Strike 3-1: DOUBLE (Groundball, 5L)
|
Batting: SHB Pedro Martínez
|
0-0: Ball 1-0: Ball 2-0: Ball 3-0: Base on Balls
|
Batting: RHB Tim Hanson
|
0-0: Called Strike 0-1: Fly out, F7 (Flyball, 78M)
|
Batting: SHB Héctor Barajas
|
0-0: Ball 1-0: Called Strike 1-1: Swinging Strike 1-2: Ball 2-2: Strikes out looking
|
Top of the 2nd over - 0 run(s), 1 hit(s), 0 error(s), 2 left on base; Erie 6 - Cincinnati 0 |
BOTTOM OF THE 2ND |
Cincinnati Pride batting - Pitching for Erie Jaxx : RHP Ricardo Marino
|
Batting: RHB Francisco Rincón
|
0-0: Swinging Strike 0-1: Called Strike Error on foul ball, E5 0-2: Ball 1-2: Foul Ball, location: 2F 1-2: Fly out, F8 (Flyball, 8RD)
|
Batting: RHB Peter Sexton
|
0-0: Ground out 6-3 (Groundball, 6)
|
Batting: RHB Jonas Uttley
|
0-0: Ball 1-0: Ball 2-0: Called Strike 2-1: Swinging Strike 2-2: Strikes out swinging
|
Bottom of the 2nd over - 0 run(s), 0 hit(s), 1 error(s), 0 left on base; Erie 6 - Cincinnati 0 |
TOP OF THE 3RD |
Erie Jaxx batting - Pitching for Cincinnati Pride : RHP Jesús Martínez
|
Batting: RHB Luis Alou
|
0-0: Swinging Strike 0-1: Called Strike 0-2: Ball 1-2: Strikes out swinging
|
Batting: RHB Bo Vickers
|
0-0: Ball 1-0: Ball 2-0: Ball 3-0: Base on Balls
|
Batting: RHB Raúl Ruíz
|
0-0: Ball 1-0: Ball 2-0: Foul Ball, location: 2F 2-1: Grounds into double play, 6-4-3 (Groundball, 6)
|
Top of the 3rd over - 0 run(s), 0 hit(s), 0 error(s), 0 left on base; Erie 6 - Cincinnati 0 |
BOTTOM OF THE 3RD |
Cincinnati Pride batting - Pitching for Erie Jaxx : RHP Ricardo Marino
|
Batting: RHB Alden Isenhood
|
0-0: Ball 1-0: Ground out 4-3 (Groundball, 34)
|
Batting: RHB Gabriel Villegas
|
0-0: Foul Ball, location: 2F 0-1: Ball 1-1: Called Strike 1-2: Strikes out swinging
|
Batting: SHB Nick Marshall
|
0-0: Ball 1-0: Called Strike 1-1: Foul Ball, location: 2F 1-2: Ball 2-2: Strikes out swinging
|
Bottom of the 3rd over - 0 run(s), 0 hit(s), 0 error(s), 0 left on base; Erie 6 - Cincinnati 0 |
TOP OF THE 4TH |
Erie Jaxx batting - Pitching for Cincinnati Pride : RHP Jesús Martínez
|
Batting: RHB José Estrada
|
0-0: Ball 1-0: Ball 2-0: SINGLE (Groundball, 6)
|
Batting: LHB Don Hull
|
0-0: SINGLE (Line Drive, 89S) José Estrada to second
|
Batting: SHB Keith Shaffer
|
0-0: SINGLE (Groundball, 4M) José Estrada to third Don Hull to second
|
Batting: SHB Pedro Martínez
|
0-0: Ball 1-0: Called Strike 1-1: Ball 2-1: Fly out, F7 (Flyball, 78XD) Runner from 3rd tags up, SCORES, no throw Don Hull to third
|
Pitching: LHP Pedro Orozco
|
|
Batting: RHB Tim Hanson
|
0-0: Fly out, F9 (Flyball, 9M) Runner from 3rd tags up, SCORES, no throw
|
Batting: SHB Héctor Barajas
|
0-0: Called Strike 0-1: Ball 1-1: Called Strike 1-2: Strikes out looking
|
Top of the 4th over - 2 run(s), 3 hit(s), 0 error(s), 1 left on base; Erie 8 - Cincinnati 0 |
BOTTOM OF THE 4TH |
Cincinnati Pride batting - Pitching for Erie Jaxx : RHP Ricardo Marino
|
Batting: LHB Ricardo Brandariz
|
0-0: Called Strike 0-1: Ball 1-1: Ground out 6-3 (Groundball, 6)
|
Batting: RHB Fernando Díaz
|
0-0: DOUBLE (Line Drive, 78D)
|
Batting: RHB Richard Case
|
0-0: Ball 1-0: Called Strike 1-1: Reached on error, E6 (Groundball, 6) Fernando Díaz to third
|
Batting: RHB Francisco Rincón
|
0-0: Called Strike 0-1: SINGLE (Groundball, 5D) Fernando Díaz scores Richard Case to second
|
Batting: RHB Peter Sexton
|
0-0: Ball 1-0: Foul Ball, location: 2F 1-1: Called Strike 1-2: Ball 2-2: Foul Ball, location: 2F 2-2: Ball 3-2: Strikes out swinging
|
Batting: RHB Jonas Uttley
|
0-0: Called Strike 0-1: Ball 1-1: Swinging Strike 1-2: Strikes out swinging
|
Bottom of the 4th over - 1 run(s), 2 hit(s), 1 error(s), 2 left on base; Erie 8 - Cincinnati 1 |
TOP OF THE 5TH |
Erie Jaxx batting - Pitching for Cincinnati Pride : LHP Pedro Orozco
|
Batting: RHB Luis Alou
|
0-0: Ball 1-0: Foul Ball, location: 2F 1-1: Foul Ball, location: 2F 1-2: Ball 2-2: Strikes out swinging
|
Batting: RHB Bo Vickers
|
0-0: Called Strike 0-1: Swinging Strike 0-2: Ball 1-2: Ball 2-2: Strikes out swinging
|
Batting: RHB Raúl Ruíz
|
0-0: Foul Ball, location: 2F 0-1: Ball 1-1: Ground out 6-3 (Groundball, 6)
|
Top of the 5th over - 0 run(s), 0 hit(s), 0 error(s), 0 left on base; Erie 8 - Cincinnati 1 |
BOTTOM OF THE 5TH |
Cincinnati Pride batting - Pitching for Erie Jaxx : RHP Ricardo Marino
|
Batting: RHB Alden Isenhood
|
0-0: Swinging Strike 0-1: Called Strike 0-2: Ball 1-2: Ball 2-2: Foul Ball, location: 2F 2-2: Strikes out swinging
|
Batting: RHB Gabriel Villegas
|
0-0: Ball 1-0: Ball 2-0: SINGLE (Groundball, 6D)
|
Batting: SHB Nick Marshall
|
0-0: Called Strike 0-1: 2-RUN HOME RUN (Flyball, 8LXD), Distance : 442 ft
|
Batting: LHB Ricardo Brandariz
|
0-0: Ball 1-0: Swinging Strike 1-1: Foul Ball, location: 2F 1-2: Ball 2-2: Strikes out swinging
|
Batting: RHB Fernando Díaz
|
0-0: Ball 1-0: Called Strike 1-1: Ground out 4-3 (Groundball, 4M)
|
Bottom of the 5th over - 2 run(s), 2 hit(s), 0 error(s), 0 left on base; Erie 8 - Cincinnati 3 |
TOP OF THE 6TH |
Erie Jaxx batting - Pitching for Cincinnati Pride : LHP Pedro Orozco
|
Batting: RHB José Estrada
|
0-0: Ball 1-0: SINGLE (Line Drive, 9S)
|
Batting: LHB Don Hull
|
0-0: Ball 1-0: Ball 2-0: Called Strike 2-1: Called Strike 2-2: Strikes out looking
|
Batting: SHB Keith Shaffer
|
0-0: Foul Ball, location: 2F 0-1: Foul Ball, location: 2F 0-2: Foul Ball, location: 2F 0-2: Ball 1-2: Foul Ball, location: 2F 1-2: Ball 2-2: Foul Ball, location: 2F 2-2: Grounds into double play, 1-6-3 (Groundball, 23)
|
Top of the 6th over - 0 run(s), 1 hit(s), 0 error(s), 0 left on base; Erie 8 - Cincinnati 3 |
BOTTOM OF THE 6TH |
Cincinnati Pride batting - Pitching for Erie Jaxx : RHP Ricardo Marino
|
Batting: RHB Richard Case
|
0-0: Ball 1-0: Swinging Strike 1-1: Called Strike 1-2: Foul Ball, location: 2F 1-2: Strikes out swinging
|
Pitching: RHP Barry Garner
|
|
Batting: RHB Francisco Rincón
|
0-0: Ball 1-0: Swinging Strike 1-1: Fly out, F8 (Flyball, 8RM)
|
Batting: RHB Peter Sexton
|
0-0: Ground out 6-3 (Groundball, 6)
|
Bottom of the 6th over - 0 run(s), 0 hit(s), 0 error(s), 0 left on base; Erie 8 - Cincinnati 3 |
TOP OF THE 7TH |
Erie Jaxx batting - Pitching for Cincinnati Pride : LHP Pedro Orozco
|
Pitching: LHP Weston Harper
|
|
Batting: SHB Pedro Martínez
|
0-0: Ball 1-0: Called Strike 1-1: Called Strike 1-2: Ball 2-2: Strikes out swinging
|
Batting: RHB Tim Hanson
|
0-0: Fly out, F9 (Flyball, 9M)
|
Batting: SHB Héctor Barajas
|
0-0: Ball 1-0: Ball 2-0: Foul Ball, location: 2F 2-1: Swinging Strike 2-2: Strikes out swinging
|
Top of the 7th over - 0 run(s), 0 hit(s), 0 error(s), 0 left on base; Erie 8 - Cincinnati 3 |
BOTTOM OF THE 7TH |
Cincinnati Pride batting - Pitching for Erie Jaxx : RHP Barry Garner
|
Batting: RHB Jonas Uttley
|
0-0: Called Strike 0-1: Called Strike 0-2: Ball 1-2: Ball 2-2: Ball 3-2: SINGLE (Groundball, 6)
|
Batting: RHB Alden Isenhood
|
0-0: Called Strike 0-1: Swinging Strike 0-2: Ball 1-2: Foul Ball, location: 2F 1-2: Foul Ball, location: 2F 1-2: SINGLE (Line Drive, 6) Jonas Uttley to second
|
Batting: RHB Gabriel Villegas
|
0-0: Called Strike 0-1: Ball 1-1: Swinging Strike 1-2: Ball 2-2: Strikes out looking
|
Batting: SHB Nick Marshall
|
0-0: Fly out, F9 (Flyball, 89M)
|
Batting: LHB Ricardo Brandariz
|
0-0: Ball 1-0: Fly out, F6 (Popup, 6)
|
Bottom of the 7th over - 0 run(s), 2 hit(s), 0 error(s), 2 left on base; Erie 8 - Cincinnati 3 |
TOP OF THE 8TH |
Erie Jaxx batting - Pitching for Cincinnati Pride : LHP Weston Harper
|
Batting: RHB Luis Alou
|
0-0: Fly out, F9 (Flyball, 9M)
|
Batting: RHB Bo Vickers
|
0-0: Swinging Strike 0-1: Called Strike 0-2: Foul Ball, location: 2F 0-2: Fly out, F6 (Popup, 6MD)
|
Batting: RHB Raúl Ruíz
|
0-0: Ball 1-0: Foul Ball, location: 2F 1-1: Ball 2-1: Called Strike 2-2: Ball 3-2: Foul Ball, location: 2F 3-2: Foul Ball, location: 2F 3-2: Base on Balls
|
Batting: RHB José Estrada
|
0-0: Foul Ball, location: 2F 0-1: Swinging Strike 0-2: Ground out 4-3 (Groundball, 4)
|
Top of the 8th over - 0 run(s), 0 hit(s), 0 error(s), 1 left on base; Erie 8 - Cincinnati 3 |
BOTTOM OF THE 8TH |
Cincinnati Pride batting - Pitching for Erie Jaxx : RHP Barry Garner
|
Batting: RHB Fernando Díaz
|
0-0: Called Strike 0-1: Ball 1-1: Swinging Strike 1-2: Foul Ball, location: 2F 1-2: Foul Ball, location: 2F 1-2: Ball 2-2: Ball 3-2: Foul Ball, location: 2F 3-2: DOUBLE (Line Drive, 7LM)
|
Pitching: LHP Dexter Browning
|
|
Batting: RHB Richard Case
|
0-0: Ball 1-0: SINGLE (Flyball, 9LS) Fernando Díaz to third
|
Batting: RHB Francisco Rincón
|
0-0: Called Strike 0-1: Ball 1-1: Ball 2-1: Foul Ball, location: 2F 2-2: Ball 3-2: Grounds into double play, 6-4-3 (Groundball, 6) Fernando Díaz scores
|
Batting: RHB Peter Sexton
|
0-0: Called Strike 0-1: Called Strike 0-2: Ball 1-2: Ball 2-2: DOUBLE (Groundball, 5L)
|
Batting: RHB Jonas Uttley
|
0-0: Fly out, F4 (Popup, 4MD)
|
Bottom of the 8th over - 1 run(s), 3 hit(s), 0 error(s), 1 left on base; Erie 8 - Cincinnati 4 |
TOP OF THE 9TH |
Erie Jaxx batting - Pitching for Cincinnati Pride : LHP Weston Harper
|
Batting: LHB Don Hull
|
0-0: Foul Ball, location: 2F 0-1: Foul Ball, location: 2F 0-2: Ball 1-2: Ball 2-2: Ball 3-2: Base on Balls
|
Batting: SHB Keith Shaffer
|
0-0: Ball 1-0: Called Strike 1-1: Swinging Strike 1-2: Ball 2-2: Foul Ball, location: 2F 2-2: Ball 3-2: Base on Balls Don Hull to second
|
Pitching: RHP Tomás Pagán
|
|
Batting: SHB Pedro Martínez
|
0-0: Swinging Strike 0-1: Fly out, F8 (Flyball, 8RXD) Runner from 2nd tags up, SAFE at 3rd, no throw
|
Batting: RHB Tim Hanson
|
0-0: Called Strike 0-1: Ball 1-1: SINGLE (Line Drive, 8LS) Don Hull scores Keith Shaffer to second
|
Batting: SHB Héctor Barajas
|
0-0: Fly out, F7 (Flyball, 78M)
|
Batting: RHB Luis Alou
|
0-0: Called Strike 0-1: DOUBLE (Line Drive, 56) Keith Shaffer scores Tim Hanson to third Runner from 3rd tries for Home, SAFE, no throw or cutoff
|
Batting: RHB Bo Vickers
|
0-0: Foul Ball, location: 2F 0-1: SINGLE (Groundball, 6MD) Luis Alou to third Runner from 3rd tries for Home, SAFE, no throw or cutoff
|
Batting: RHB Raúl Ruíz
|
0-0: Ball 1-0: Fly out, F2 (Popup, 23F)
|
Top of the 9th over - 4 run(s), 3 hit(s), 0 error(s), 1 left on base; Erie 12 - Cincinnati 4 |
BOTTOM OF THE 9TH |
Cincinnati Pride batting - Pitching for Erie Jaxx : LHP Dexter Browning
|
Now at 1B: Mark Everett
|
|
Now at 3B: Enrique Bermúdez
|
|
Now at SS: Luis Alvarado
|
|
Now in RF: Félix Fernández
|
|
Pinch Hitting: RHB Leonardo Pinto
|
0-0: Called Strike 0-1: SINGLE (Line Drive, 89S)
|
Batting: RHB Gabriel Villegas
|
0-0: Ball 1-0: Swinging Strike 1-1: SINGLE (Groundball, 6MD) Leonardo Pinto to second
|
Batting: SHB Nick Marshall
|
0-0: Called Strike 0-1: Fly out, F7 (Flyball, 78S)
|
Batting: LHB Ricardo Brandariz
|
0-0: Fielders Choice at 2nd, 4-6 (Groundball, 34) Leonardo Pinto to third
|
Batting: RHB Fernando Díaz
|
0-0: Swinging Strike 0-1: Ball 1-1: Fly out, F9 (Flyball, 89M)
|
Bottom of the 9th over - 0 run(s), 2 hit(s), 0 error(s), 2 left on base; Erie 12 - Cincinnati 4 |
|